 Dungeon Crawl Stone Soup version 0.26.0-45-g9c1d065592 (webtiles) character file.

Game seed: 17877945300054663815

44 Kejsarherre the Chopper (level 3, -1/51 HPs)
             Began as a Hill Orc Monk on Jan 29, 2021.
             Slain by a hobgoblin (2 damage)
             ... on level 3 of the Dungeon.
             The game lasted 00:02:57 (705 turns).

Kejsarherre the Chopper (Hill Orc Monk)              Turns: 705, Time: 00:02:58

Health: -1/51      AC: 21    Str: 14    XL:     3   Next: 60%
Magic:  3/3        EV:  2    Int: 10    God:
Gold:   35         SH:  0    Dex: 13    Spells: 2/2 levels left

rFire    . . .     SeeInvis .   a - +0 hand axe
rCold    . . .     Faith    .   (no shield)
rNeg     + + +     Spirit   .   (armour currently unavailable)
rPois    +         Reflect  .   (helmet currently unavailable)
rElec    .         Harm     .   (cloak currently unavailable)
rCorr    .         Rampage  .   (gloves currently unavailable)
Will     .....     NoTele   +   (boots currently unavailable)
Stlth    ++........             (no amulet)
HPRegen  0.17/turn              (no ring)
MPRegen  0.08/turn              (no ring)

@: lethally poisoned (-1 -> -2), tree-form, hasted, very quick
A: no striking features
a: no special abilities


You were on level 3 of the Dungeon.
You were a tree.
You visited 1 branch of the dungeon, and saw 3 of its levels.

You collected 35 gold pieces.

Inventory:

Hand Weapons
 a - a +0 hand axe (weapon)
Armour
 b - a +0 robe (melded)
Wands
 g - a wand of polymorph (3)
Scrolls
 c - 2 scrolls of identify {unknown}
 e - a scroll of blinking {unknown}


   Skills:
 + Level 4.6 Fighting
 + Level 5.1 Axes
 - Level 2.4 Dodging
 - Level 1.5 Stealth


You had 2 spell levels left.
You didn't know any spells.
Your spell library was empty.

Dungeon Overview and Level Annotations

Branches:
Dungeon (3/15)

Altars:
Ru


Message History

The jackal bites you but does no damage.
Unknown command.
Evoke which item? (* to show all) (? for menu, Esc to quit)
Aiming: Polymorph
Press: ? - help, Shift-Dir - straight line, f/p - orc
Aim: an orc, wielding a +0 trident and wearing a +0 scale mail (will become a giant cockroach, a goblin, or a hobgoblin, chance to affect: 63%)
The orc evaporates and reforms as a hobgoblin!
The jackal bites you but does no damage.
Unknown command.
You hit the jackal.
You kill the jackal!
You hit the hobgoblin but do no damage.
The hobgoblin hits you but does no damage.
You hit the hobgoblin.
The hobgoblin is almost dead.
You closely miss the hobgoblin.
The hobgoblin is almost dead.
* * * LOW HITPOINT WARNING * * *
You feel sick. The hobgoblin hits you.
You die...

....... ######.......$...#
....... #................##
....... #.####..!..........
....>..#####.#>......†.......$
.................#######......
..............................
#####......).....#######......
#.......g†...# #w.....
#.......†♣...# #.....#
#.......†....# #(...?.
####################......
#.......##......
#...............
#.............#.
#.............#.
#.............#.
#..$..........##


You could see a hobgoblin.

Vanquished Creatures
  An adder (D:3)
  A worm (D:3)
  A dart slug (D:3)
  A leopard gecko (D:3)
  5 goblins
  A hobgoblin (D:2)
  7 jackals (D:3)
  2 kobolds (D:3)
  A quokka (D:3)
  3 bats
  A frilled lizard (D:3)
  2 rats
26 creatures vanquished.

Notes
Turn   | Place    | Note
-------+----------+-------------------------------------------
     0 | D:1      | Kejsarherre the Hill Orc Monk began the quest for the Orb.
     0 | D:1      | Reached XP level 1. HP: 19/19 MP: 1/1
   227 | D:2      | Reached XP level 2. HP: 26/27 MP: 2/2
   277 | D:3      | Found a sacrificial altar of Ru.
   691 | D:3      | Reached XP level 3. HP: 6/34 MP: 3/3
   696 | D:3      | Reached skill level 5 in Axes
   696 | D:3      | HP: 2/51 [jackal (2)]
   705 | D:3      | HP: 1/51 [poisoned by an adder]
   705 | D:3      | Slain by a hobgoblin

Illustrated notes

Levels and vault maps discovered:
D:1:      ncdulo_wetmaze, layout_loops_corners
D:2:      layout_basic, minmay_misc_feat_enclosed
D:3:      layout_basic, nicolae_ru_awakened_eye, nzn_hepliaklqana_mist_gate,
          cheibrodos_sewer_entry_sluice, kennysheep_nub

Skill      XL: |  1  2  3 |
---------------+----------+-----
Fighting       | 4 |  4.6
Axes           | 5 |  5.1
Dodging        | |  2.4
Stealth        | |  1.5

Action                   || total
-------------------------++-------
Melee: Hand axe          ||    70
Evoke: Wand              ||     2
  Use: Potion            ||     4
Armor: Robe              ||    17
       Skin              ||    22
Dodge: Dodged            ||    59
